TOP OF THE 1ST |
Las Vegas Stars batting - Pitching for Spokane Trappers : LHP Pedro Mata
|
Pitching: LHP Pedro Mata
|
|
Batting: RHB Jonathan MacVey
|
0-0: Called Strike 0-1: Ball 1-1: Foul Ball, location: 2F 1-2: Foul Ball, location: 2F 1-2: Ball 2-2: Reached on error, E5 (Groundball, 5)
|
Batting: RHB Juan Valverde
|
0-0: Called Strike 0-1: Ball 1-1: Foul Ball, location: 2F 1-2: Ball 2-2: Foul Ball, location: 2F 2-2: Foul Ball, location: 2F 2-2: Foul Ball, location: 2F 2-2: Ball 3-2: Ground out 5-3 (Groundball, 56)
|
Batting: LHB Diego Torres
|
0-0: Ball 1-0: Fly out, F9 (Flyball, 9D) Runner from 2nd tags up, SAFE at 3rd with throw
|
Batting: RHB Kyle Bacon
|
0-0: Called Strike 0-1: Foul Ball, location: 2F 0-2: Ball 1-2: Strikes out swinging
|
Top of the 1st over - 0 run(s), 0 hit(s), 1 error(s), 1 left on base; Las Vegas 0 - Spokane 0 |
BOTTOM OF THE 1ST |
Spokane Trappers batting - Pitching for Las Vegas Stars : RHP Javier Valenzuela
|
Pitching: RHP Javier Valenzuela
|
|
Batting: LHB Héctor Rentería
|
0-0: Foul Ball, location: 2F 0-1: Ball 1-1: Ground out 4-3 (Groundball, 34D)
|
Batting: RHB Enrico Rodríguez
|
0-0: TRIPLE (Line Drive, 8LXD)
|
Batting: LHB José Berroa
|
0-0: Foul Ball, location: 2F 0-1: Ball 1-1: Ground out U3 (Groundball, 34S) Enrico Rodríguez scores
|
Batting: RHB Pedro Guzmán
|
0-0: DOUBLE (Flyball, 78D)
|
Batting: RHB José Gómez
|
0-0: Ball 1-0: Swinging Strike 1-1: DOUBLE (Groundball, 5L) Pedro Guzmán scores
|
Batting: SHB Glenn Vadnais
|
0-0: 2-RUN HOME RUN (Flyball, 89D), Distance : 388 ft
|
Batting: RHB Luis González
|
0-0: Ball 1-0: Swinging Strike 1-1: Ball 2-1: Swinging Strike 2-2: Strikes out swinging
|
Bottom of the 1st over - 4 run(s), 4 hit(s), 0 error(s), 0 left on base; Las Vegas 0 - Spokane 4 |
TOP OF THE 2ND |
Las Vegas Stars batting - Pitching for Spokane Trappers : LHP Pedro Mata
|
Batting: SHB Héctor Barajas
|
0-0: Swinging Strike 0-1: Swinging Strike 0-2: Strikes out swinging
|
Batting: RHB José Zúñiga
|
0-0: Ball 1-0: Ball 2-0: Ball 3-0: Called Strike 3-1: Base on Balls
|
Batting: RHB Douglas Davis
|
0-0: Ball 1-0: Ball 2-0: Called Strike 2-1: Ball 3-1: Base on Balls José Zúñiga to second
|
Batting: RHB Ryan McBride
|
0-0: Called Strike 0-1: Ball 1-1: Ball 2-1: Called Strike 2-2: Foul Ball, location: 2F 2-2: Foul Ball, location: 2F 2-2: DOUBLE (Flyball, 89M) José Zúñiga scores Douglas Davis to third
|
Batting: LHB Paco Rivera
|
0-0: Foul Ball, location: 2F 0-1: Ball 1-1: Foul Ball, location: 2F 1-2: Foul Ball, location: 2F 1-2: Foul Ball, location: 2F 1-2: Strikes out looking
|
Batting: RHB Jonathan MacVey
|
0-0: Ball 1-0: Foul Ball, location: 2F 1-1: Ball 2-1: Called Strike 2-2: Ball 3-2: Foul Ball, location: 2F 3-2: Foul Ball, location: 2F 3-2: Strikes out swinging
|
Top of the 2nd over - 1 run(s), 1 hit(s), 0 error(s), 2 left on base; Las Vegas 1 - Spokane 4 |
BOTTOM OF THE 2ND |
Spokane Trappers batting - Pitching for Las Vegas Stars : RHP Javier Valenzuela
|
Batting: LHB Alan Moore
|
0-0: Ball 1-0: Called Strike 1-1: Ground out 5-3 (Groundball, 56)
|
Batting: RHB Alejandro Ramos
|
0-0: SINGLE (Groundball, 34D)
|
Batting: LHB Héctor Rentería
|
0-0: Foul Ball, location: 2F 0-1: Ball 1-1: Fly out, F7 (Flyball, 78D)
|
Batting: RHB Enrico Rodríguez
|
0-0: Ball 1-0: Ball 2-0: Foul Ball, location: 2F 2-1: SINGLE (Line Drive, 89S) Alejandro Ramos to second
|
Batting: LHB José Berroa
|
0-0: Ball 1-0: Foul Ball, location: 2F 1-1: Ball 2-1: Foul Ball, location: 2F 2-2: Ball 3-2: Fly out, F8 (Flyball, 78M)
|
Bottom of the 2nd over - 0 run(s), 2 hit(s), 0 error(s), 2 left on base; Las Vegas 1 - Spokane 4 |
TOP OF THE 3RD |
Las Vegas Stars batting - Pitching for Spokane Trappers : LHP Pedro Mata
|
Batting: RHB Juan Valverde
|
0-0: Ball 1-0: Foul Ball, location: 2F 1-1: SINGLE (Flyball, 7S)
|
Batting: LHB Diego Torres
|
0-0: SINGLE (Line Drive, 8RS) Juan Valverde to second
|
Batting: RHB Kyle Bacon
|
0-0: Ball 1-0: Called Strike 1-1: Foul Ball, location: 2F 1-2: Strikes out swinging
|
Batting: SHB Héctor Barajas
|
0-0: Called Strike 0-1: Ball 1-1: SINGLE (Groundball, 4MD) Juan Valverde to third Diego Torres to second Runner from 3rd tries for Home, SAFE, throw made home Diego Torres to third Héctor Barajas to second
|
Batting: RHB José Zúñiga
|
0-0: Ball 1-0: Foul Ball, location: 2F 1-1: Called Strike 1-2: Ground out U3 (Groundball, 3)
|
Batting: RHB Douglas Davis
|
0-0: Ball 1-0: Swinging Strike 1-1: Fly out, F9 (Line Drive, 9S)
|
Top of the 3rd over - 1 run(s), 3 hit(s), 0 error(s), 2 left on base; Las Vegas 2 - Spokane 4 |
BOTTOM OF THE 3RD |
Spokane Trappers batting - Pitching for Las Vegas Stars : RHP Javier Valenzuela
|
Batting: RHB Pedro Guzmán
|
0-0: Called Strike 0-1: Ball 1-1: Foul Ball, location: 2F 1-2: Strikes out swinging
|
Batting: RHB José Gómez
|
0-0: Ball 1-0: Foul Ball, location: 2F 1-1: Ball 2-1: DOUBLE (Line Drive, 78XD)
|
Batting: SHB Glenn Vadnais
|
0-0: Hit by Pitch
|
Batting: RHB Luis González
|
0-0: Ball 1-0: Fly out, F8 (Flyball, 8RD) Runner from 2nd tags up, SAFE at 3rd, no throw
|
Batting: LHB Alan Moore
|
0-0: DOUBLE (Line Drive, 8LXD) José Gómez scores Glenn Vadnais to third Runner from 3rd tries for Home, SAFE, no throw
|
Batting: RHB Alejandro Ramos
|
0-0: Ground out 1-3 (Groundball, P)
|
Bottom of the 3rd over - 2 run(s), 2 hit(s), 0 error(s), 1 left on base; Las Vegas 2 - Spokane 6 |
TOP OF THE 4TH |
Las Vegas Stars batting - Pitching for Spokane Trappers : LHP Pedro Mata
|
Batting: RHB Ryan McBride
|
0-0: Swinging Strike 0-1: Foul Ball, location: 2F 0-2: Strikes out swinging
|
Batting: LHB Paco Rivera
|
0-0: Ball 1-0: Ball 2-0: Foul Ball, location: 2F 2-1: Called Strike 2-2: Strikes out swinging
|
Batting: RHB Jonathan MacVey
|
0-0: SINGLE (Groundball, 56D)
|
Batting: RHB Juan Valverde
|
0-0: Ball 1-0: Foul Ball, location: 2F 1-1: Foul Ball, location: 2F 1-2: Ball 2-2: Ball 3-2: Fly out, F9 (Flyball, 9D)
|
Top of the 4th over - 0 run(s), 1 hit(s), 0 error(s), 1 left on base; Las Vegas 2 - Spokane 6 |
BOTTOM OF THE 4TH |
Spokane Trappers batting - Pitching for Las Vegas Stars : RHP Javier Valenzuela
|
Batting: LHB Héctor Rentería
|
0-0: Ball 1-0: Ball 2-0: Ball 3-0: Base on Balls
|
Batting: RHB Enrico Rodríguez
|
0-0: Ball 1-0: Called Strike 1-1: Ground out 4-3 (Groundball, 34) Héctor Rentería to second
|
Batting: LHB José Berroa
|
0-0: Ball 1-0: Foul Ball, location: 2F 1-1: Called Strike 1-2: Foul Ball, location: 2F 1-2: Strikes out swinging
|
Batting: RHB Pedro Guzmán
|
0-0: Ball 1-0: Foul Ball, location: 2F 1-1: Foul Ball, location: 2F 1-2: Ball 2-2: Fly out, F8 (Flyball, 89M)
|
Bottom of the 4th over - 0 run(s), 0 hit(s), 0 error(s), 1 left on base; Las Vegas 2 - Spokane 6 |
TOP OF THE 5TH |
Las Vegas Stars batting - Pitching for Spokane Trappers : LHP Pedro Mata
|
Batting: LHB Diego Torres
|
0-0: SINGLE (Groundball, 34) (infield hit)
|
Batting: RHB Kyle Bacon
|
0-0: Foul Ball, location: 2F 0-1: Reached on error, E6 (Groundball, 6) Diego Torres to second
|
Batting: SHB Héctor Barajas
|
0-0: Called Strike 0-1: Ball 1-1: Foul Ball, location: 2F 1-2: Strikes out swinging
|
Batting: RHB José Zúñiga
|
0-0: Foul Ball, location: 2F 0-1: Ball 1-1: Swinging Strike 1-2: Strikes out swinging
|
Batting: RHB Douglas Davis
|
0-0: Ball 1-0: Fly out, F8 (Flyball, 8LM)
|
Top of the 5th over - 0 run(s), 1 hit(s), 1 error(s), 2 left on base; Las Vegas 2 - Spokane 6 |
BOTTOM OF THE 5TH |
Spokane Trappers batting - Pitching for Las Vegas Stars : RHP Javier Valenzuela
|
Pitching: RHP Fred Ellis
|
|
Batting: RHB José Gómez
|
0-0: Swinging Strike 0-1: Foul Ball, location: 2F 0-2: Ball 1-2: Ball 2-2: Strikes out looking
|
Batting: SHB Glenn Vadnais
|
0-0: Ball 1-0: Called Strike 1-1: Fly out, F8 (Flyball, 8LM)
|
Batting: RHB Luis González
|
0-0: Ball 1-0: Ball 2-0: Ball 3-0: Base on Balls
|
Batting: LHB Alan Moore
|
0-0: Fly out, F9 (Flyball, 89S)
|
Bottom of the 5th over - 0 run(s), 0 hit(s), 0 error(s), 1 left on base; Las Vegas 2 - Spokane 6 |
TOP OF THE 6TH |
Las Vegas Stars batting - Pitching for Spokane Trappers : LHP Pedro Mata
|
Pitching: RHP Marcos Rivera
|
|
Batting: RHB Ryan McBride
|
0-0: Called Strike 0-1: Fly out, F7 (Flyball, 7)
|
Batting: LHB Paco Rivera
|
0-0: Ball 1-0: Called Strike 1-1: Swinging Strike 1-2: Ball 2-2: Ball 3-2: Foul Ball, location: 2F 3-2: DOUBLE (Groundball, 3L)
|
Batting: RHB Jonathan MacVey
|
0-0: Ball 1-0: Ball 2-0: Ball 3-0: Base on Balls
|
Batting: RHB Juan Valverde
|
0-0: Ball 1-0: Called Strike 1-1: Ball 2-1: Swinging Strike 2-2: Foul Ball, location: 2F 2-2: Strikes out looking
|
Batting: LHB Diego Torres
|
0-0: Ball 1-0: SINGLE (Groundball, 56) (infield hit) Paco Rivera to third Jonathan MacVey to second
|
Batting: RHB Kyle Bacon
|
0-0: Swinging Strike 0-1: Ball 1-1: Swinging Strike 1-2: Ball 2-2: Ground out 5-3 (Groundball, 56S)
|
Top of the 6th over - 0 run(s), 2 hit(s), 0 error(s), 3 left on base; Las Vegas 2 - Spokane 6 |
BOTTOM OF THE 6TH |
Spokane Trappers batting - Pitching for Las Vegas Stars : RHP Fred Ellis
|
Batting: RHB Alejandro Ramos
|
0-0: Ball 1-0: Swinging Strike 1-1: Called Strike 1-2: Ground out 5-3 (Groundball, 5)
|
Batting: LHB Héctor Rentería
|
0-0: Ball 1-0: Ball 2-0: Ball 3-0: Base on Balls
|
Batting: RHB Enrico Rodríguez
|
0-0: Called Strike 0-1: Ball 1-1: Ball 2-1: Called Strike 2-2: Ball Héctor Rentería steals 2nd base 3-2: Strikes out swinging
|
Batting: LHB José Berroa
|
0-0: Swinging Strike 0-1: Ball 1-1: TRIPLE (Flyball, 78D) Héctor Rentería scores
|
Batting: RHB Pedro Guzmán
|
0-0: Ball 1-0: SINGLE (Flyball, 9S) José Berroa scores
|
Batting: RHB José Gómez
|
0-0: Called Strike 0-1: Fly out, F8 (Flyball, 8RS)
|
Bottom of the 6th over - 2 run(s), 2 hit(s), 0 error(s), 1 left on base; Las Vegas 2 - Spokane 8 |
TOP OF THE 7TH |
Las Vegas Stars batting - Pitching for Spokane Trappers : RHP Marcos Rivera
|
Batting: SHB Héctor Barajas
|
0-0: Ball 1-0: Ball 2-0: Foul Ball, location: 2F 2-1: Swinging Strike 2-2: Ball 3-2: Strikes out swinging
|
Batting: RHB José Zúñiga
|
0-0: Ground out 3-1 (Groundball, 34)
|
Batting: RHB Douglas Davis
|
0-0: Foul Ball, location: 2F 0-1: Ball 1-1: Foul Ball, location: 2F 1-2: Foul Ball, location: 2F 1-2: Ball 2-2: Foul Ball, location: 2F 2-2: Ball 3-2: Foul Ball, location: 2F 3-2: Foul Ball, location: 2F 3-2: Strikes out looking
|
Top of the 7th over - 0 run(s), 0 hit(s), 0 error(s), 0 left on base; Las Vegas 2 - Spokane 8 |
BOTTOM OF THE 7TH |
Spokane Trappers batting - Pitching for Las Vegas Stars : RHP Fred Ellis
|
Batting: SHB Glenn Vadnais
|
0-0: Called Strike 0-1: SOLO HOME RUN (Flyball, 9LD), Distance : 354 ft
|
Pitching: RHP Terry Adams
|
|
Batting: RHB Luis González
|
0-0: Ball 1-0: Called Strike 1-1: SINGLE (Groundball, 3D)
|
Batting: LHB Alan Moore
|
0-0: Fly out, F6 (Popup, 6)
|
Batting: RHB Alejandro Ramos
|
0-0: Called Strike 0-1: Foul Ball, location: 2F 0-2: Ball 1-2: Ball 2-2: SINGLE (Groundball, 6MD) Luis González to second
|
Batting: LHB Héctor Rentería
|
0-0: Swinging Strike 0-1: Ball 1-1: Foul Ball, location: 2F 1-2: Ball 2-2: Strikes out looking
|
Batting: RHB Enrico Rodríguez
|
0-0: Ball 1-0: Called Strike 1-1: Foul Ball, location: 2F 1-2: 3-RUN HOME RUN (Flyball, 8RXD), Distance : 426 ft
|
Batting: LHB José Berroa
|
0-0: Ball 1-0: Called Strike 1-1: Ball 2-1: Swinging Strike 2-2: Ball 3-2: Strikes out swinging
|
Bottom of the 7th over - 4 run(s), 4 hit(s), 0 error(s), 0 left on base; Las Vegas 2 - Spokane 12 |
TOP OF THE 8TH |
Las Vegas Stars batting - Pitching for Spokane Trappers : RHP Marcos Rivera
|
Pitching: LHP Júlio Hernández
|
|
Batting: RHB Ryan McBride
|
0-0: Called Strike 0-1: Foul Ball, location: 2F 0-2: Ball 1-2: SINGLE (Flyball, 8LS)
|
Batting: LHB Paco Rivera
|
0-0: Ball 1-0: Ball 2-0: Ball 3-0: Called Strike 3-1: Grounds into double play, 6-4-3 (Groundball, 6)
|
Batting: RHB Jonathan MacVey
|
0-0: Called Strike 0-1: Ball 1-1: Foul Ball, location: 2F 1-2: Strikes out swinging
|
Top of the 8th over - 0 run(s), 1 hit(s), 0 error(s), 0 left on base; Las Vegas 2 - Spokane 12 |
BOTTOM OF THE 8TH |
Spokane Trappers batting - Pitching for Las Vegas Stars : RHP Terry Adams
|
Pitching: RHP Júlio Sandoval
|
|
Batting: RHB Pedro Guzmán
|
0-0: Ball 1-0: SINGLE (Groundball, 34D)
|
Batting: RHB José Gómez
|
0-0: Ball 1-0: Foul Ball, location: 2F 1-1: Ball 2-1: Foul Ball, location: 2F 2-2: Foul Ball, location: 2F 2-2: Fly out, F9 (Flyball, 9LMF)
|
Batting: SHB Glenn Vadnais
|
0-0: Ball 1-0: Ball 2-0: Called Strike 2-1: Ball 3-1: Called Strike 3-2: Base on Balls Pedro Guzmán to second
|
Batting: RHB Luis González
|
0-0: Called Strike 0-1: Called Strike 0-2: Ball 1-2: Strikes out swinging
|
Batting: LHB Alan Moore
|
0-0: Called Strike 0-1: Called Strike 0-2: Foul Ball, location: 2F 0-2: Ball 1-2: Ball 2-2: Foul Ball, location: 2F 2-2: Strikes out swinging
|
Bottom of the 8th over - 0 run(s), 1 hit(s), 0 error(s), 2 left on base; Las Vegas 2 - Spokane 12 |
TOP OF THE 9TH |
Las Vegas Stars batting - Pitching for Spokane Trappers : LHP Júlio Hernández
|
Now at 2B: Jaime Padilla
|
|
Batting: RHB Juan Valverde
|
0-0: Foul Ball, location: 2F 0-1: Ball 1-1: SINGLE (Groundball, 6D)
|
Batting: LHB Diego Torres
|
0-0: Ball 1-0: Ball 2-0: Swinging Strike 2-1: Foul Ball, location: 2F 2-2: Foul Ball, location: 2F 2-2: Strikes out swinging
|
Batting: RHB Kyle Bacon
|
0-0: Called Strike 0-1: Ball 1-1: Called Strike 1-2: Ball 2-2: Ball 3-2: Base on Balls Juan Valverde to second
|
Batting: SHB Héctor Barajas
|
0-0: Ball 1-0: Called Strike 1-1: Foul Ball, location: 2F 1-2: Strikes out looking
|
Batting: RHB José Zúñiga
|
0-0: Called Strike 0-1: Swinging Strike 0-2: Ball 1-2: Hit by Pitch Juan Valverde to third Kyle Bacon to second
|
Batting: RHB Douglas Davis
|
0-0: Fielders Choice at 2nd, 6-4 (Groundball, 6)
|
Top of the 9th over - 0 run(s), 1 hit(s), 0 error(s), 2 left on base; Las Vegas 2 - Spokane 12 |
|